 Dungeon Crawl Stone Soup version 0.22-a0-782-g038298e (webtiles) character file.

7 Amnesiac the Magician (level 1, 0/13 HPs)
             Began as a Mummy Earth Elementalist on July 20, 2018.
             Slain by an adder (4 damage)
             ... on level 2 of the Dungeon.
             The game lasted 00:00:52 (405 turns).

Amnesiac the Magician (Mummy Earth Elementalist)     Turns: 405, Time: 00:00:52

Health: 0/13       AC:  2    Str: 11    XL:     1   Next: 83%
Magic:  4/4        EV: 12    Int: 14    God:
Gold:   0          SH:  0    Dex: 12    Spells: 4/5 levels left

rFire    x . .     SeeInvis .   d - +0 hunting sling
rCold    + . .     Gourm    .   (no shield)
rNeg     + + +     Faith    .   c - +0 robe
rPois    ∞         Spirit   .   (no helmet)
rElec    .         Reflect  .   (no cloak)
rCorr    .         Harm     .   (no gloves)
MR       .....                  (no boots)
Stlth    ++........             (no amulet)
HPRegen  0.04/turn              (no ring)
MPRegen  0.09/turn              (no ring)

@: no status effects
A: no food or potions, fire vulnerability, cold resistance 1, negative energy
resistance 3, torment resistance, unbreathing
a: no special abilities


You were on level 2 of the Dungeon.
You were not hungry.

You visited 1 branch of the dungeon, and saw 2 of its levels.

Inventory:

Hand Weapons
 d - a +0 hunting sling (weapon)
Missiles
 b - 21 stones (quivered)
Armour
 c - a +0 robe (worn)
Scrolls
 a - a scroll of fog {!r, unknown}


   Skills:
 + Level 0.2 Fighting
 * Level 1.7 Dodging
 - Level 1.5 Stealth
 + Level 2.7 Spellcasting
   Level 0.7 Transmutations
 * Level 2.7 Earth Magic


You had 4 spell levels left.
You knew the following spells:

 Your Spells              Type           Power        Failure   Level  Hunger
a - Sandblast             Erth           #.....       8%          1    N/A

Your spell library contained the following spells:

 Spells                   Type           Power        Failure   Level  Hunger
 Stone Arrow              Conj/Erth      #.....       36%         3    N/A
 Passwall                 Tmut/Erth      #.......     17%         2    N/A
 Lee's Rapid Deconstruct  Erth           #.........   90%         5    N/A
 Petrify                  Tmut/Erth      #.......     73%         4    N/A

Dungeon Overview and Level Annotations

Branches:
Dungeon (2/15)

Altars:


Innate Abilities, Weirdness & Mutations

You do not eat or drink.
Your flesh is vulnerable to fire.
You are immune to poison.
Your flesh is cold resistant. (rC+)
You are immune to negative energy. (rN+++)
You are immune to unholy pain and torment.
You can survive without breathing.


Message History

The bat closely misses you. The bat hits you.
* * * LOW HITPOINT WARNING * * *
The bat hits you but does no damage. The bat closely misses you.
The bat barely misses you.
You see here a hunting sling.
d - a hunting sling The bat barely misses you.
Wield which item (- for none, * to show all)? (? for menu, Esc to quit)
d - a +0 hunting sling (weapon)
Casting: Sandblast (safe; 8% risk of failure)
Confirm with . or Enter, or press ? or * to list all spells.
Aiming: Sandblast (safe; 8% risk of failure)
Press: ? - help, Shift-Dir - straight line, f/p - bat
Aim: a bat The blast of sand hits the bat.
You kill the bat!
b - 25 stones
Casting: Sandblast (safe; 8% risk of failure)
Confirm with . or Enter, or press ? or * to list all spells.
You don't have enough magic to cast that spell.
You see here a robe.
There is a stone staircase leading down here.
You start resting.
Your magical contamination has completely faded away.
You start resting.
Magic restored.
You start resting.
Magic restored.
Unknown command.
Unknown command.
Unknown command.
You start resting.
HP restored.
You start resting.
HP restored.
You climb downwards.
The bat hits you. The bat closely misses you.
There is a stone staircase leading up here.
Firing (i - inventory)
b - 25 stones (quivered)
Press: ? - help, Shift-Dir - straight line, f - bat
Aim: a bat You shoot a stone.
The stone closely misses the bat.
The stone hits the adder.
The adder is lightly wounded.
The bat hits you. x2
Firing (i - inventory)
b - 24 stones (quivered)
Press: ? - help, Shift-Dir - straight line, f/p - bat
Aim: a bat You shoot a stone.
The stone hits the bat.
You kill the bat!
The adder closely misses you.
Firing (i - inventory)
b - 23 stones (quivered)
Press: ? - help, Shift-Dir - straight line, f - adder
Aim: an adder (lightly wounded)
You shoot a stone. The stone hits the adder.
The adder is severely wounded.
The adder bites you.
* * * LOW HITPOINT WARNING * * *
Firing (i - inventory)
b - 22 stones (quivered)
Press: ? - help, Shift-Dir - straight line, f/p - adder
Aim: an adder (severely wounded)
You shoot a stone. The stone closely misses the adder.
The stone barely misses the hobgoblin.
The adder bites you.
* * * LOW HITPOINT WARNING * * *
The adder bites you.
You die...

......)... r.
.........##.
.......... ..........
..##.....# .........#
.##.....#
#....##############
..##.....(....gS@....#
........##############
..##....# ........#
........# ..###.### #.
#.# # #.# #.


You could see an adder and a hobgoblin.

Vanquished Creatures
  A leopard gecko (D:1)
  A hobgoblin (D:1)
  3 bats
5 creatures vanquished.

Notes
Turn   | Place    | Note
-------+----------+-------------------------------------------
     0 | D:1      | Amnesiac the Mummy Earth Elementalist began the quest for the Orb.
     0 | D:1      | Reached XP level 1. HP: 13/13 MP: 4/4
   405 | D:2      | Slain by an adder

Vault maps used:
D:1:      co_arrival_hexagon_in_a_hexagon, minmay_lizard_king

Action                   || total
-------------------------++-------
Melee: Unarmed           ||    25
 Fire: Hunting sling     ||     4
 Cast: Sandblast         ||     5
Armor: Robe              ||    42
Dodge: Dodged            ||    90

Table legend:
 A = Spawn XP
 B = Non-spawn XP
 C = Spawn XP percentage of total XP
 D = Spawn monster count
 E = Non-spawn monster count
 F = Spawn count percentage of total count
 G = Total turns spent on level
                    A         B        C        D         E        F      G
               +---------+---------+-------+---------+---------+-------+---------
         Total |       0 |      10 |   0.0 |       0 |       5 |   0.0 |   405
               +---------+---------+-------+---------+---------+-------+---------
           D:1 |       0 |       8 |   0.0 |       0 |       4 |   0.0 |   311
           D:2 |       0 |       2 |   0.0 |       0 |       1 |   0.0 |    94
               +---------+---------+-------+---------+---------+-------+---------
